Map: Ruins of Seras

Players

AnalagentKwk

  • Race: Zerg Zerg

wabbajack - Winner!

  • Race: Zerg Zerg
  • League: Gold

VOD

Have the link to the VOD?

Description

Time

  • Played on: July 19, 2015, 2:06 p.m.
  • Length: 13:59
Show
View Real Time Build Order
Export as new Build Order

AnalagentKwk Zerg 

Build Orders: Pool First 

Get SALT Encoding   

  12  0:05  Drone  
  13  0:12  Drone  
  14  0:20  Extractor  
  14  0:21  Drone  
  14  0:36  Spawning Pool  
  14  0:37  Drone  
  14  0:48  Overlord  
  14  1:23  Zergling x6  
  14  1:24  Queen  
  19  1:34  Metabolic Boost  
  19  1:37  Overlord  
  19  1:49  Zergling x2  
  20  1:55  Zergling x2  
  21  2:10  Drone  
  21  2:12  Baneling Nest  
  21  2:23  Zergling x2  
  22  2:35  Zergling x8  
  22  2:36  Zergling x2  
  27  2:56  Zergling x4  
  29  3:04  Overlord  
  29  3:06  Zergling x2  
  30  3:24  Zergling x6  
  33  3:33  Baneling x4  
  33  3:40  Overlord  
  33  3:41  Zergling x4  
  35  3:42  Zergling x2  
  36  3:50  Zergling x4  
  35  4:10  Zergling x8  
  35  4:11  Zergling x2  
  34  4:29  Zergling x2  
  25  4:49  Drone x2  
  25  4:56  Hatchery  
  21  5:06  Drone x2  
  20  5:17  Spine Crawler  
  20  5:20  Drone  
  19  5:37  Spine Crawler  
  19  5:42  Drone x2  
  20  5:43  Spine Crawler  
  19  5:54  Zergling x6  
  22  6:10  Drone x4  
  26  6:20  Queen  
  28  6:26  Drone x2  
  30  6:39  Drone x3  
  34  6:40  Drone  
  34  6:46  Drone  
  34  6:47  Drone  
  36  6:52  Extractor  
  36  6:54  Lair  
  35  6:55  Drone  
  36  7:06  Queen  
  38  7:11  Drone x4  
  42  7:19  Roach Warren, Drone  
  43  7:30  Drone x5  
  43  7:31  Drone  
  48  7:38  Evolution Chamber  
  48  7:42  Evolution Chamber  
  46  7:47  Drone x2  
  46  7:48  Drone, Overlord  
  48  7:55  Spine Crawler  
  46  8:01  Spine Crawler  
  46  8:04  Roach x4  
  43  8:06  Roach  
  43  8:11  Roach  
  39  8:24  Roach x3  
  45  8:29  Glial Reconstitution  
  39  8:37  Roach x2  
  43  8:49  Roach x2  
  41  9:14  Hatchery  
  40  9:35  Drone x3  
  43  9:41  Hatchery  
  43  9:44  Zerg Missile Weapons Level 1  
  42  9:52  Zerg Ground Armor Level 1  
  42  9:59  Drone x2  
  44  10:09  Queen  
  47  10:14  Drone  
  47  10:25  Drone  
  47  10:26  Drone  
  49  10:38  Queen  
  51  10:51  Drone x2  
  51  10:52  Drone  
  51  10:53  Overlord  
  51  10:54  Overlord  
  54  11:02  Drone x3  
  57  11:12  Drone x5  
  62  11:18  Drone  
  62  11:19  Drone x2  
  65  11:29  Extractor  
  65  11:31  Extractor  
  63  11:35  Drone x5  
  63  11:36  Drone x2  
  70  11:46  Extractor  
  69  11:47  Hydralisk Den  
  68  11:57  Drone  
  68  11:58  Drone  
  68  12:00  Drone x2  
  72  12:12  Overlord x4  
  72  12:13  Overlord  
  72  12:18  Extractor  
  72  12:21  Drone x5  
  72  12:22  Drone  
  77  12:37  Drone x6, Overlord x2  
  83  12:56  Overseer x2  
  83  13:01  Hydralisk  
  83  13:02  Hydralisk x6  
  97  13:18  Hatchery  
  96  13:27  Infestation Pit  
  96  13:30  Roach x3  
  96  13:31  Roach x5  
  111  13:34  Hydralisk  
  111  13:37  Roach  
  111  13:38  Roach  
Show
View Real Time Build Order
Export as new Build Order

wabbajack Zerg - Winner!

Build Orders: Hatch First, Lurkers 

Get SALT Encoding   

  12  0:01  Drone  
  13  0:15  Overlord  
  13  0:20  Drone  
  14  0:23  Extractor  
  14  0:24  Drone  
  15  0:36  Drone  
  15  0:41  Drone  
  17  0:51  Drone  
  18  1:04  Hatchery, Drone, Extractor  
  17  1:17  Spawning Pool  
  16  1:21  Drone  
  16  1:23  Drone  
  18  1:33  Drone  
  19  1:57  Overlord  
  19  2:00  Drone  
  20  2:04  Metabolic Boost  
  20  2:05  Queen  
  22  2:10  Zergling x2, Extractor  
  23  2:17  Queen  
  23  2:22  Drone x2  
  27  2:25  Drone  
  27  2:28  Drone  
  29  2:35  Drone  
  30  2:38  Drone, Spine Crawler  
  30  2:50  Roach Warren  
  29  2:53  Drone  
  29  2:54  Drone  
  31  3:14  Spine Crawler  
  31  3:16  Overlord x2  
  30  3:22  Baneling Nest  
  29  3:27  Extractor  
  28  3:42  Drone x2  
  28  3:44  Drone  
  28  3:47  Drone x2  
  33  3:50  Drone  
  33  3:54  Roach  
  33  3:55  Roach x6  
  48  4:07  Roach x2  
  34  4:47  Hatchery  
  23  5:12  Queen  
  23  5:15  Roach x5  
  23  5:19  Zergling x4  
  35  5:24  Zergling x2  
  35  5:25  Zergling x2  
  37  5:51  Lair  
  37  5:56  Baneling x2  
  36  6:20  Drone x2  
  36  6:21  Drone  
  39  6:30  Spore Crawler  
  38  6:33  Drone  
  38  6:34  Drone x6  
  45  6:40  Spore Crawler  
  45  6:41  Spine Crawler  
  45  6:42  Spine Crawler  
  45  6:47  Drone x3  
  45  6:58  Hydralisk Den  
  43  7:04  Baneling x3  
  43  7:13  Drone  
  43  7:14  Drone  
  45  7:22  Zergling x12  
  51  7:24  Overlord  
  51  7:34  Muscular Augments  
  51  7:39  Evolution Chamber  
  45  8:25  Drone x6  
  45  8:26  Drone x3  
  54  8:36  Hatchery  
  54  8:37  Zerg Missile Weapons Level 1  
  53  8:42  Extractor  
  53  8:45  Extractor  
  44  9:08  Drone x3  
  44  9:09  Drone x2  
  50  9:10  Drone x4  
  53  9:21  Lurker Den  
  53  9:33  Overlord x4  
  53  9:55  Spine Crawler  
  53  9:58  Spine Crawler  
  51  10:05  Hydralisk x5, Roach  
  51  10:06  Roach x5  
  73  10:08  Overseer  
  73  10:10  Drone x2  
  73  10:11  Drone x6  
  81  10:16  Queen  
  83  10:34  Zerg Missile Weapons Level 2  
  83  10:39  Evolution Chamber  
  82  10:49  Drone x3  
  85  10:50  Drone x2  
  85  10:52  Extractor x2  
  85  10:56  Overlord  
  85  10:57  Overlord x2  
  85  10:58  Drone  
  85  10:59  Drone x3  
  85  11:00  Drone x2  
  85  11:02  Overlord x2  
  91  11:08  Zerg Ground Armor Level 1  
  91  11:09  Infestation Pit  
  90  11:21  Spore Crawler  
  90  11:22  Drone  
  90  11:29  Lurker  
  90  11:30  Lurker x4  
  90  11:31  Ravager  
  96  11:35  Hydralisk x3, Roach x2  
  96  11:36  Roach  
  96  11:37  Roach  
  110  12:04  Overlord x2  
  110  12:05  Hydralisk x2  
  110  12:06  Hydralisk x2, Roach x4  
  110  12:07  Roach x2  
  130  12:12  Hive  
  130  12:25  Overlord  
  130  12:26  Overlord  
  130  12:30  Hydralisk x2  
  130  12:31  Roach x4  
  142  12:37  Pneumatized Carapace  
  142  12:40  Burrow  
  142  12:49  Spire  
  141  13:01  Hatchery  
  140  13:12  Hydralisk x3, Roach x2  
  152  13:13  Roach x3  
  152  13:19  Overseer  
Tags
 
Add a new tag
Caveats
  • Supply blocks, unpowered buildings, or Contaminate may cause inaccurate times.
  • Supply counts are checked every 10 seconds.